 Dungeon Crawl Stone Soup version 0.23-a0-494-g91793a9 (webtiles) character file.

20 tidbits the Caller (level 2, -6/20 HPs)
             Began as a Gnoll Summoner on Dec 3, 2018.
             Mangled by a killer bee (10 damage)
             ... on level 4 of the Dungeon.
             The game lasted 00:04:31 (425 turns).

tidbits the Caller (Gnoll Summoner)                  Turns: 425, Time: 00:04:31

Health: -6/20      AC:  2    Str: 10    XL:     2   Next: 79%
Magic:  7/7        EV: 14    Int: 17    God:
Gold:   53         SH:  0    Dex: 15    Spells: 7/10 levels left

rFire    x . .     SeeInvis .   b - +0 hunting sling
rCold    + . .     Gourm    .   (no shield)
rNeg     . . .     Faith    .   e - +0 robe
rPois    .         Spirit   .   (no helmet)
rElec    .         Reflect  .   (no cloak)
rCorr    .         Harm     .   (no gloves)
MR       .....                  (no boots)
Stlth    +++.......             (no amulet)
HPRegen  0.06/turn              i - ring of ice (curse)
MPRegen  0.10/turn              (no ring)

@: no status effects
A: distributed training, fangs 1, strong nose
a: no special abilities


You were on level 4 of the Dungeon.
You were not hungry.

You visited 1 branch of the dungeon, and saw 4 of its levels.

You collected 53 gold pieces.

Inventory:

Hand Weapons
 a - a +0 whip
 b - a +0 hunting sling (weapon)
 j - a +0 dagger
Missiles
 l - 37 stones (quivered)
Armour
 e - a +0 robe (worn)
 g - a +0 ring mail
Jewellery
 i - a cursed ring of ice (left hand)
   (You found it on level 3 of the Dungeon)
Scrolls
 k - a scroll of identify
 m - a scroll of amnesia
Potions
 d - 2 potions of haste
 f - 2 potions of might
 h - a potion of berserk rage
Comestibles
 c - a ration


   Skills:
 + Level 0.5 Fighting
 + Level 0.5 Short Blades
 + Level 0.5 Long Blades
 + Level 0.5 Axes
 + Level 0.5 Maces & Flails
 + Level 0.5 Polearms
 + Level 0.5 Staves
 + Level 0.5 Slings
 + Level 0.5 Bows
 + Level 0.5 Crossbows
 + Level 0.5 Throwing
 + Level 0.5 Armour
 + Level 4.5 Dodging
 + Level 4.1 Stealth
 + Level 0.5 Shields
 + Level 0.5 Unarmed Combat
 + Level 4.9 Spellcasting
 + Level 0.3 Conjurations
 + Level 0.3 Hexes
 + Level 0.3 Charms
 + Level 7.0 Summonings
 + Level 0.3 Necromancy
 + Level 0.3 Translocations
 + Level 0.3 Transmutations
 + Level 0.3 Fire Magic
 + Level 0.3 Ice Magic
 + Level 0.3 Air Magic
 + Level 0.3 Earth Magic
 + Level 0.3 Poison Magic
 + Level 0.6 Invocations
 + Level 0.5 Evocations


You had 7 spell levels left.
You knew the following spells:

 Your Spells              Type           Power        Failure   Level  Hunger
a - Summon Small Mammal   Summ           ####         1%          1    None
i - Call Imp              Summ           ####....     1%          2    #......

Your spell library contained the following spells:

 Spells                   Type           Power        Failure   Level  Hunger
 Call Canine Familiar     Summ           ####....     2%          3    ###....
 Summon Guardian Golem    Hex/Summ       ###.....     10%         3    ###....
 Summon Ice Beast         Ice/Summ       ####....     30%         4    ####...
 Summon Lightning Spire   Summ/Air       ###.....     30%         4    ####...


Dungeon Overview and Level Annotations

Branches:
Dungeon (4/15)
 Temple: D:4-7

Altars:
Makhleb
Xom

Annotations:
D:3 Robin


Innate Abilities, Weirdness & Mutations

Your experience applies equally to all skills.
You have very sharp teeth.
Your uncanny sense of smell can sniff out nearby items.


Message History

You hear a shout!
Unknown command.
Unknown command.
You swap places.
Your crimson imp blinks!
There is a stone staircase leading down here.
You climb downwards.
Your summoned allies are left behind.
You hear the hiss of flowing sand.
There is an entrance to an ossuary on this level.
Hurry and find it before the
Found 16 stones, a scroll labeled JUOTYNURPHI and 15 gold pieces.
There is a stone staircase leading up here.
Unknown command.
You see here a scroll labeled JUOTYNURPHI.
m - a scroll labeled JUOTYNURPHI You see here 16 stones.
l - 37 stones (gained 16) Wield which item (- for none, * to show all)? (? for menu, Esc to quit)
k - a +0 hunting sling (weapon)
Adjust (i)tems, (s)pells, or (a)bilities?
Adjust which item? (? for menu, Esc to quit)
k - a +0 hunting sling (weapon)
Adjust to which letter? (? for menu, Esc to quit)
b - a +0 hunting sling (weapon);
k - 5 scrolls labeled GULIWODOTEI Unknown command.
You see here 15 gold pieces.
Unknown command.
You now have 53 gold pieces (gained 15).
As you read the scroll labeled GULIWODOTEI, it crumbles to dust.
It is a scroll of identify.
h - a potion of berserk rage
As you read the scroll of identify, it crumbles to dust.
f - 2 potions of might
As you read the scroll of identify, it crumbles to dust.
d - 2 potions of haste
As you read the scroll of identify, it crumbles to dust.
m - a scroll of amnesia 2 killer bees come into view.
A killer bee comes into view.
The killer bee moves out of view. x2
Found a ration.
Unknown command.
Unknown command.
Unknown command.
A quokka comes into view.
Casting: Summon Small Mammal (safe; 1% risk of failure)
Confirm with . or Enter, or press ? or * to list all spells.
Really attack while wielding your +0 hunting sling?
Okay, then.
Firing (i - inventory)
l - 37 stones (quivered)
Press: ? - help, Shift-Dir - straight line, f - quokka
Aim: a quokka You shoot a stone.
The stone hits the quokka.
The quokka is severely wounded.
The quokka closely misses you.
Your quokka misses the quokka. The quokka bites you.
* * * LOW HITPOINT WARNING * * *
Firing (i - inventory)
l - 36 stones (quivered)
Press: ? - help, Shift-Dir - straight line, f/p - quokka
Aim: a quokka (severely wounded)
You shoot a stone. The stone closely misses the quokka.
Your quokka misses the quokka. The quokka bites you.
* * * LOW HITPOINT WARNING * * *
Your quokka closely misses the quokka.
Firing (i - inventory)
l - 35 stones (quivered)
Press: ? - help, Shift-Dir - straight line, f/p - quokka
Aim: a quokka (severely wounded)
You shoot a stone. The stone barely misses the quokka.
The quokka completely misses you.
Your quokka barely misses the quokka.
The quokka misses you.
Firing (i - inventory)
l - 34 stones (quivered)
Press: ? - help, Shift-Dir - straight line, f/p - quokka
Aim: a quokka (severely wounded)
You shoot a stone. The stone closely misses the quokka.
Your quokka barely misses the quokka.
The quokka closely misses you.
Your quokka bites the quokka.
The quokka dies!
Things that are here:
4 stones; a quokka corpse
l - 37 stones (gained 4)
Okay, then.
An ooze comes into view.
The ooze quivers.
The ooze moves out of view.
Found 20 stones.
Found an escape hatch in the ceiling.
Found a dagger and a scroll labeled AGEFFI BERASSAWUL.
Unknown command.
Found 20 stones and 13 poisoned needles.
Unknown command.
Unknown command.
A killer bee comes into view.
Unknown command.
Unknown command.
Your quokka bites the killer bee.
The killer bee stings you but does no damage.
There is an escape hatch in the ceiling here.
You hear the slow hiss of a distant avalanche of sand.
Your quokka disappears in a puff of smoke!
The killer bee misses you. The killer bee stings you!
Ouch! That really hurt!
You die...

... .##. ##..###...
#........ # #...y...#.#
###########.......#.###
.........##.....y.....#
.........##...........#
.........##?...y@.#
.........##...§...#
.........##)....(.#
.........##.......#.
..†...............(..
.........####.....##..
###...#### .(##### #
....#..# ..##
###.##......#


You could see 3 killer bees.

Vanquished Creatures
  2 goblins (D:3)
  A hobgoblin (D:3)
  A frilled lizard (D:3)
  A rat (D:1)
5 creatures vanquished.

Vanquished Creatures (collateral kills)
  An adder (D:3)
  2 worms (D:3)
  A giant cockroach (D:3)
  4 goblins (D:3)
  A hobgoblin (D:3)
  A kobold (D:3)
  A quokka (D:4)
  A frilled lizard (D:3)
12 creatures vanquished.

Grand Total: 17 creatures vanquished

Notes
Turn   | Place    | Note
-------+----------+-------------------------------------------
     0 | D:1      | tidbits the Gnoll Summoner began the quest for the Orb.
     0 | D:1      | Reached XP level 1. HP: 13/13 MP: 6/6
    44 | D:2      | Found a burning altar of Makhleb.
    62 | D:2      | Found a shimmering altar of Xom.
   240 | D:3      | Reached XP level 2. HP: 19/19 MP: 3/7
   244 | D:3      | Learned a level 2 spell: Call Imp
   369 | D:3      | Noticed Robin
   394 | D:4      | Noticed a killer bee
   394 | D:4      | Noticed a killer bee
   394 | D:4      | Noticed a killer bee
   404 | D:4      | HP: 2/20 [quokka (3)]
   421 | D:4      | Noticed a killer bee
   425 | D:4      | Mangled by a killer bee

Vault maps used:
D:1:      dpeg_arrival_boxorama, bh_walls_and_bars
D:2:      nicolae_overflow_hidden_temple, bloody_makhleb, first_ration
D:3:      chequers_temple_overflow_minitemple, uniq_robin
D:4:      nicolae_ossuary_entry_catacombs, nicolae_qazlal_general_emergency

Action                   || total
-------------------------++-------
Melee: Whip              ||    20
       Bite              ||     4
 Fire: Hunting sling     ||     4
 Cast: Summon Small Mamm ||    20
       Call Imp          ||     3
  Use: Scroll            ||     4
Armor: Robe              ||     2
Dodge: Dodged            ||    10

Table legend:
 A = Non-vault XP
 B = Vault XP
 C = Vault XP percentage of total XP
 D = Non-vault monster count
 E = Vault monster count
 F = Vault count percentage of total count
                 A         B        C        D         E       F
            +---------+---------+-------+---------+---------+-------
      Total |      20 |       9 |  31.0 |       9 |       8 |  47.1
            +---------+---------+-------+---------+---------+-------
        D:1 |       1 |       0 |   0.0 |       1 |       0 |   0.0
        D:3 |      17 |       9 |  34.6 |       7 |       8 |  53.3
        D:4 |       2 |       0 |   0.0 |       1 |       0 |   0.0
            +---------+---------+-------+---------+---------+-------

Table legend:
 A = Turns spent in this place as a percentage of turns spent in the entire game.
 B = Non-inter-level travel turns spent in this place as a percentage of non-inter-level travel turns spent in the entire game.
 C = Inter-level travel turns spent in this place as a percentage of turns spent in this place.
 D = Turns resting spent in this place as a percentage of non-inter-level travel turns spent in this place.
 E = Turns spent auto-exploring this place as a percentage of non-inter-level travel turns spent in this place.
 F = Non-inter-level travel turns spent in this place divided by the number of levels of this place that you've seen.
                   A       B       C       D       E      F
               +-------+-------+-------+-------+-------+----------------------
         Total | 100.0 | 100.0 |   0.0 |   0.0 |   0.0 | 106.2
       Dungeon | 100.0 | 100.0 |   0.0 |   0.0 |   0.0 | 106.2
               +-------+-------+-------+-------+-------+----------------------

Table legend:
 A = Kills in this place as a percentage of kills in entire the game.
 B = Kills by you in this place as a percentage of kills by you in the entire game.
 C = Kills by friends in this place as a percentage of kills by friends in the entire game.
 D = Other kills in this place as a percentage of other kills in the entire game.
 E = Experience gained in this place as a percentage of experience gained in the entire game.
 F = Experience gained in this place divided by the number of levels of this place that you have seen.
                   A       B       C       D       E      F
               +-------+-------+-------+-------+-------+----------------------
         Total | 100.0 | 100.0 | 100.0 |   N/A | 100.0 |   7.2
       Dungeon | 100.0 | 100.0 | 100.0 |   N/A | 100.0 |   7.2
               +-------+-------+-------+-------+-------+----------------------

Vault maps used:
D:1:      dpeg_arrival_boxorama, bh_walls_and_bars
D:2:      nicolae_overflow_hidden_temple, bloody_makhleb, first_ration
D:3:      chequers_temple_overflow_minitemple, uniq_robin
D:4:      nicolae_ossuary_entry_catacombs, nicolae_qazlal_general_emergency
